 Dungeon Crawl Stone Soup version 0.17-a0-1475-g9f81d98 (console) character file.

3010 Monkaria the Spear-Bearer (level 9, 0/75 HPs)
             Began as a Minotaur Wanderer on July 2, 2015.
             Was a Priest of Qazlal.
             Killed from afar by Psyche (6 damage)
             ... with a puff of flame
             ... while paralysed by something
             ... on level 8 of the Dungeon.
             The game lasted 00:21:31 (9165 turns).

Monkaria the Spear-Bearer (Minotaur Wanderer)       Turns: 9165, Time: 00:21:32

Health: 0/75       AC:  9    Str: 19    XL:     9   Next: 55%
Magic:  8/8        EV:  2    Int:  8    God:    Qazlal [***...]
Gold:   347        SH:  0    Dex: 15    Spells: 0 memorised, 8 levels left

rFire  . . .     SeeInvis .     t - +0 halberd
rCold  + . .     Clarity  .     B - +1 leather armour {rC+}
rNeg   . . .     SustAt   .     (no shield)
rPois  .         Gourm    .     (helmet restricted)
rElec  .         Spirit   .     (no cloak)
rCorr  .         Warding  .     (no gloves)
rMut   .         Stasis   .     n - +0 pair of boots
MR     .....                    (no amulet)
Stlth  +.........               K - +4 ring of protection
                                k - +3 ring of dexterity

@: paralysed, lethally poisoned (0 -> -6), very slightly contaminated, slowed,
not resistant to hostile enchantments, very unstealthy
A: retaliatory headbutt, horns 2
a: Upheaval, Elemental Force, Renounce Religion


You were on level 8 of the Dungeon.
You worshipped Qazlal.
Qazlal was most pleased with you.
You were not hungry.

You visited 2 branches of the dungeon, and saw 9 of its levels.

You collected 347 gold pieces.

Inventory:

Hand weapons
 r - a +0 mace of draining
 s - a +1 mace of holy wrath
 t - a +0 halberd (weapon)
 y - a +1 trident
Missiles
 a - 6 needles of paralysis
 b - 3 throwing nets (quivered)
 x - 10 tomahawks
 C - 53 poisoned needles
Armour
 n - a +0 pair of boots (worn)
 B - a +1 leather armour of cold resistance (worn)
Jewellery
 k - a +3 ring of dexterity (left hand)
 w - an uncursed ring of flight
 K - a +4 ring of protection (right hand)
Scrolls
 g - a scroll of identify
 h - 4 scrolls of remove curse
 m - a scroll of fog
 o - 2 scrolls of enchant weapon
 u - 2 scrolls of fear
 v - 3 scrolls of recharging {unknown}
 D - a scroll of noise {unknown}
 F - 2 scrolls of magic mapping
 I - a scroll of amnesia {unknown}
Potions
 c - a potion of ambrosia {unknown}
 d - a potion of lignification
 f - 2 potions of berserk rage
 j - 4 potions of haste
 l - 3 potions of curing
 p - 2 potions of magic
 A - 2 potions of agility
 E - 2 potions of flight
Books
 G - the Tome of Ethics
   (You found it on level 8 of the Dungeon)

   Spells                             Type                      Level
   a - Mephitic Cloud                 Conjuration/Poison/Air       3
   b - Static Discharge               Conjuration/Air              3
   c - Iskenderun's Mystic Blast      Conjuration                  4
   d - Iskenderun's Battlesphere      Conjuration/Charms           5
Miscellaneous
 q - a plain deck of wonders
Comestibles
 e - 3 bread rations
 i - 4 meat rations
 J - 24 fruits
 L - 2 chunks of flesh


   Skills:
 - Level 6.0 Fighting
 - Level 14.1 Polearms
 + Level 4.2 Armour
 - Level 2.1 Dodging
 - Level 1.0 Stealth
   Level 1.2 Shields
 - Level 1.0 Evocations


You had 8 spell levels left.
You didn't know any spells.

Dungeon Overview and Level Annotations

Branches:
Dungeon (8/15)             Temple (1/1) D:4
   Lair: D:8-11

Altars:
Ashenzari
Dithmenos
Elyvilon
Fedhas
Makhleb
Nemelex Xobeh
Okawaru
Qazlal
Sif Muna
Vehumet
Xom
Yredelemnul
The Shining One

Annotations:
D:8 Erica, Psyche


Innate Abilities, Weirdness & Mutations

You reflexively headbutt those who attack you in melee.
You have a pair of horns on your head.


Message History

Drink which item? (? for menu, Esc to quit)
You feel better. Something hits you but does no damage.
You hear some strange, mumbled words.
Something hits you but does no damage.
You suddenly lose the ability to move!
You hear some strange, mumbled words.
A bolt of poison appears from out of thin air!
The bolt of poison hits something.
The bolt of poison hits you!
You are poisoned.
* * * LOW HITPOINT WARNING * * *
You feel sick. Something hits you.
* * * LOW HITPOINT WARNING * * *
Something hits you.
* * * LOW HITPOINT WARNING * * *
You hear some strange, mumbled words.
* * * LOW HITPOINT WARNING * * *
You feel sick.
You hear some strange, mumbled words.
A puff of flame appears from out of thin air!
The puff of flame hits you!
You die...

#.... ....###
#.....## #...###
#. #...$.# #.
#...#.## #.
#...#.....
##...##.#..
#@{{......#.> ##
#....ยง...#.## %
.#
#...<......##@###
.#
..<..).....##...#
.# ####
.##...###.#####<#
<# #.. ...## ###
#.# >###.# ..####
#.## ..##.#####.
.. #..##
........#### #.
##..###


There were no monsters in sight!

Vanquished Creatures
  The ghost of Tyryt0 the Shield-Bearer, an experienced FoFi of Okawaru (D:7)
  Joseph (D:7)
  The ghost of Monkaria the Skirmisher, an average MiWn of Okawaru (D:4)
  An orc warrior (D:7)
  3 ogres
  2 sky beasts
  A phantom (D:4)
  3 centaurs
  4 giant frogs
  3 wights
  A crimson imp (D:8)
  4 orc priests
  3 orc wizards
  A giant frog zombie (D:3)
  2 jellies
  3 worker ants
  2 hounds
  3 iguanas
  A hound zombie (D:6)
  A worker ant zombie (D:5)
  8 adders
  A gnoll (D:5)
  2 oozes
  A worm (D:2)
  7 giant geckos
  35 orcs
  28 hobgoblins
  2 quokkas
  17 bats
  6 giant cockroaches
  5 giant newts
  22 goblins
  21 jackals
  A jackal zombie (D:6)
  10 kobolds
  19 rats
226 creatures vanquished.

Notes
Turn   | Place    | Note
--------------------------------------------------------------
     0 | D:1      | Monkaria the Minotaur Wanderer began the quest for the Orb.
     0 | D:1      | Monkaria set off with: a +0 leather armour, 4 throwing nets, a +0 spear, a potion of lignification, a bread ration
     0 | D:1      | Reached XP level 1. HP: 22/22 MP: 0/0
    55 | D:1      | Reached skill level 5 in Fighting
   243 | D:1      | Reached XP level 2. HP: 29/29 MP: 1/1
   873 | D:2      | Reached skill level 6 in Fighting
   875 | D:2      | Reached XP level 3. HP: 37/37 MP: 2/2
  1139 | D:2      | Reached skill level 1 in Armour
  1670 | D:2      | Found a faded altar to an unknown god.
  1688 | D:2      | Reached XP level 4. HP: 27/44 MP: 3/3
  2397 | D:3      | Reached XP level 5. HP: 39/50 MP: 4/4
  2757 | D:4      | Noticed a sky beast
  2774 | D:4      | Noticed Monkaria's ghost (average MiWn)
  2785 | D:4      | Found a staircase to the Ecumenical Temple.
  2832 | D:3      | HP: 1/50 [something (6)]
  2833 | D:3      | Killed a sky beast
  2833 | D:3      | Reached skill level 5 in Polearms
  2847 | D:3      | HP: 2/50 [rat (2)]
  3218 | D:4      | Reached XP level 6. HP: 51/57 MP: 5/5
  3242 | Temple   | Entered the Ecumenical Temple
  3440 | Temple   | Became a worshipper of Qazlal Stormbringer
  3535 | D:4      | Killed Monkaria's ghost
  3560 | D:4      | Noticed a phantom
  3574 | D:4      | Killed a phantom
  3574 | D:4      | Reached skill level 7 in Polearms
  3574 | D:4      | Reached XP level 7. HP: 34/63 MP: 6/6
  4021 | D:5      | Entered Level 5 of the Dungeon
  4349 | D:5      | Reached skill level 8 in Polearms
  4740 | D:5      | Found a sparkling altar of Nemelex Xobeh.
  5017 | D:5      | Reached skill level 9 in Polearms
  5341 | D:5      | Acquired Qazlal's first power
  6605 | D:6      | Reached XP level 8. HP: 61/70 MP: 7/7
  6652 | D:6      | Acquired Qazlal's second power
  6696 | D:6      | Reached skill level 10 in Polearms
  7052 | D:6      | Reached skill level 11 in Polearms
  7332 | D:7      | Noticed Tyryt0's ghost (experienced FoFi)
  8039 | D:7      | Reached skill level 12 in Polearms
  8109 | D:7      | Noticed Joseph
  8118 | D:7      | Acquired Qazlal's third power
  8133 | D:7      | Killed Joseph
  8133 | D:7      | Reached XP level 9. HP: 5/75 MP: 8/8
  8427 | D:7      | Reached skill level 13 in Polearms
  8439 | D:7      | Killed Tyryt0's ghost
  8736 | D:7      | Reached skill level 14 in Polearms
  9000 | D:8      | Identified the Tome of Ethics
  9142 | D:8      | Noticed Psyche
  9147 | D:8      | Noticed Erica
  9163 | D:8      | Paralysed by something for 6 turns
  9165 | D:8      | Killed from afar by Psyche

Vault maps used:
D:1:      sevenhm_arrival_forest_fort_small_1, serial_bayou_ford_a
D:2:      kennysheep_goblin_castle, ecumenical_altar_2
D:3:      feat_on_display
D:4:      minmay_temple_entry_statues_fountains, gup_sewer_entry_bubbles
D:5:      nemelex_deck, first_bread
D:7:      uniq_joseph
D:8:      lair_0_dummy, blue_anna_alchemist, minmay_small_thing, uniq_erica,
          uniq_psyche
Temple:   chambers_temple_12

Action                   |  1- 3 |  4- 6 |  7- 9 || total
-------------------------+-------+-------+-------++-------
Melee: Spear             |   154 |   137 |   334 ||   625
       Halberd           |       |       |   140 ||   140
Throw: Throwing net      |       |     1 |       ||     1
  Use: Scroll            |       |     7 |     7 ||    14
       Potion            |       |     1 |     4 ||     5
 Stab: Sleeping          |     3 |     3 |     1 ||     7
  Eat: Chunk             |     2 |     6 |    17 ||    25
       Pizza             |       |       |     1 ||     1
